 Dungeon Crawl Stone Soup version 0.30-a0-43-gbbf338a72c (webtiles) character file.

Game seed: 14469833301186791354

210 Nattfarinn the Stinger (level 5, 0/30 HPs)
             Began as a Gargoyle Venom Mage on Aug 31, 2022.
             Slain by a phantom (4 damage)
             ... on level 4 of the Dungeon.
             The game lasted 00:09:09 (5180 turns).

Nattfarinn the Stinger (Gargoyle Venom Mage)        Turns: 5180, Time: 00:09:10

Health: 0/30       AC: 11    Str: 11    XL:     5   Next: 87%
Magic:  10/11      EV: 11    Int: 18    God:
Gold:   162        SH:  0    Dex: 10    Spells: 10/11 levels left

rFire   + . .      SeeInvis .    f - staff of air
rCold   + . .      Faith    .    b - orb {mayhem}
rNeg    + . .      Spirit   .    a - +0 robe
rPois   ∞          Reflect  .    q - +1 helmet
rElec   +          Harm     .    (no cloak)
rCorr   +          Rampage  .    (no gloves)
Will    .....                    (no boots)
Stlth   ++........               (no amulet)
HPRegen 0.10/turn                (no ring)
MPRegen 0.12/turn                (no ring)

@: resistant
A: sickness immunity, AC +4, negative energy resistance 1, electricity
resistance, torment resistance 1, petrification resistance, iridescent scales 2,
deformed body, high MP 1
a: no special abilities


You were on level 4 of the Dungeon.
You visited 1 branch of the dungeon, and saw 4 of its levels.

You collected 162 gold pieces.

Inventory:

Hand Weapons
 c - a +0 hand axe
 j - a +2 dagger of speed
Armour
 a - a +0 robe (worn)
 b - an orb of mayhem (worn)
 q - a +1 helmet (worn)
Magical Staves
 f - a staff of air (weapon)
Wands
 l - a wand of flame (11)
Scrolls
 m - a scroll of magic mapping {unknown}
 n - a scroll of blinking {unknown}
 o - a scroll of enchant weapon {unknown}
 r - 8 scrolls of identify {unknown}
 s - a scroll of immolation {unknown}
 v - a scroll of fog {unknown}
 w - a scroll of vulnerability {unknown}


   Skills:
 - Level 2.3 Fighting
 - Level 1.5 Dodging
 - Level 2.1 Stealth
 - Level 3.7 Spellcasting
 - Level 0.7 Transmutations
 + Level 4.6 Poison Magic


You had 10 spell levels left.
You knew the following spells:

 Your Spells              Type           Power      Damage    Failure   Level
a - Sting                 Tmut/Pois      52%        1d5       4%          1

Your spell library contained the following spells:

 Spells                   Type           Power      Damage    Failure   Level
 Poisonous Vapours        Pois/Air       34%        N/A       9%          2
 Beastly Appendage        Tmut           10%        N/A       12%         1
 Spider Form              Tmut/Pois      13%        N/A       16%         3
 Wereblood                Tmut           5%         N/A       17%         2
 Olgreb's Toxic Radiance  Pois           20%        N/A       22%         4
 Mephitic Cloud           Conj/Pois/Air  13%        N/A       24%         3


Dungeon Overview and Level Annotations

Branches:
Dungeon (4/15)
 Temple: D:4-7

Altars:
Dithmenos
The Shining One


Innate Abilities, Weirdness & Mutations

You are immune to sickness and miasma.
Your stone body is resilient. (AC +4)
You are immune to poison.
You resist negative energy. (rN+)
You are resistant to electric shocks. (rElec)
You are resistant to unholy torment.
You are immune to petrification.
You are mostly covered in iridescent scales. (AC +4)
Armour fits poorly on your strangely shaped body.
You have an increased reservoir of magic. (+10% MP)


Message History

A phantom is nearby!
The phantom closely misses you.
You are too injured to fight recklessly!
You are too injured to fight recklessly!
There is a stone staircase leading up here.
It was a potion of resistance.
You feel protected. The phantom hits you.
It was a potion of mutation.
You feel extremely strange.
Iridescent scales grow over part of your body.
Your body twists and deforms.
Iridescent scales spread over more of your body.
You feel more energetic. The phantom hits you.
* * * LOW HITPOINT WARNING * * *
The phantom blinks!
You blink.
You closely miss the phantom. The phantom barely misses you.
The phantom completely misses you.
You hit the phantom.
The phantom is lightly damaged.
The phantom hits you.
* * * LOW HITPOINT WARNING * * *
The phantom blinks!
You blink.
As you read the scroll labelled SUWKOF PEPAZOQ, it crumbles to dust.
It is a scroll of amnesia.
Forget Spider Form, freeing 3 spell levels for a total of 10?
Your memory of Spider Form unravels.
The phantom closely misses you.
As you read the scroll labelled EDUFOR IFECA, it crumbles to dust.
It is a scroll of enchant armour.
Your +0 helmet glows green for a moment.
The phantom barely misses you.
As you read the scroll labelled ZUCLEAK XEUPHO, it crumbles to dust.
You feel a surge of unholy energy.
It was a scroll of torment.
The phantom barely misses you.
As you read the scroll labelled EXYRU XEEBRI, it crumbles to dust.
You hear a loud clanging noise!
It was a scroll of noise.
You hear a shout! x3
The phantom hits you.
You die...

#...#....##..........##.......##
#........##...##.....##.........
#....###......##.#.#........#...
###..##..........<........####..
#.....#..#...............[.)#...
##..###.###.....................
#...#..##..#.....#...###...#...
##...##.###.......#...# ..##...
##....##.# #.#..@..###.##........
#.....##.##..#..#W...........#.##
...............##............###.
......>##...................####.
..##.........##.#............##..
.##.....###...#.##...............
.##....## ##.... ................
###.....### ...##........##...)..
##........#......................


You could see a phantom.

Vanquished Creatures
  A necrophage (D:4)
  A jelly (D:4)
  4 adders
  A worm (D:2)
  A dart slug (D:4)
  10 bats
  6 endoplasms
  2 giant cockroaches (D:1)
  5 goblins
  7 hobgoblins
  9 jackals
  3 quokkas
  9 ball pythons
  4 frilled lizards
  3 kobolds
  10 rats
76 creatures vanquished.

Notes
Turn   | Place    | Note
-------+----------+-------------------------------------------
     0 | D:1      | Nattfarinn the Gargoyle Venom Mage began the quest for the
                  | Orb.
     0 | D:1      | Reached XP level 1. HP: 10/10 MP: 3/3
   692 | D:1      | Reached XP level 2. HP: 11/16 MP: 0/5
   845 | D:1      | Reached skill level 1 in Fighting
  1145 | D:1      | Found a faded altar of an unknown god.
  1385 | D:1      | Reached XP level 3. HP: 20/20 MP: 2/7
  2142 | D:2      | Found a glowing golden altar of the Shining One.
  2516 | D:2      | Reached XP level 4. HP: 25/26 MP: 0/9
  3919 | D:4      | Noticed a phantom
  3942 | D:4      | Noticed a necrophage
  4087 | D:4      | Found a shadowy altar of Dithmenos.
  4339 | D:4      | Reached XP level 5. HP: 30/30 MP: 6/10
  4358 | D:4      | Learned a level 3 spell: Spider Form
  4889 | D:4      | Reached skill level 4 in Poison Magic
  5174 | D:4      | Gained mutation: You are partially covered in iridescent
                  | scales. (AC +2) [potion of mutation]
  5174 | D:4      | Gained mutation: Armour fits poorly on your strangely
                  | shaped body. [potion of mutation]
  5174 | D:4      | Gained mutation: You are mostly covered in iridescent
                  | scales. (AC +4) [potion of mutation]
  5174 | D:4      | Gained mutation: You have an increased reservoir of magic.
                  | (+10% MP) [potion of mutation]
  5180 | D:4      | Slain by a phantom

Illustrated notes

Levels and vault maps discovered:
D:1:      saegor_arrival_simple_b, layout_loops_ring,
          shapermc_ecumenical_altar_rom_forum, hangedman_decor_opposing,
          chequers_decorated_corner, skrybe_limestone_x, minmay_vboxes
D:2:      layout_rooms, basic_altar, corexii_corridor_pit
D:3:      layout_rooms
D:4:      layout_cave_pools, amethyst_overflow_temple_binary,
          mainiacjoe_overflow_small_starburst, serial_shops,
          nicolae_shop_bloodbath_and_beyond

Skill      XL: |  1  2  3  4  5 |
---------------+----------------+-----
Fighting       | 1 2 |  2.3
Spellcasting   | 3 |  3.7
Poison Magic   | 4 |  4.6
Dodging        | |  1.5
Stealth        | |  2.1
Transmutations | |  0.7

Action                   |  1- 3 |  4- 6 || total
-------------------------+-------+-------++-------
Melee: Unarmed           |     3 |    15 ||    18
       Staff             |    41 |    62 ||   103
       Hand axe          |     4 |       ||     4
       Punch             |     1 |       ||     1
 Cast: Sting             |    76 |    86 ||   162
       Spider Form       |       |     1 ||     1
  Use: Potion            |     1 |     9 ||    10
       Scroll            |       |     8 ||     8
 Stab: Invisible         |       |     3 ||     3
Armor: Robe              |    37 |    43 ||    80
       Skin              |       |    15 ||    15
Dodge: Dodged            |    77 |    76 ||   153

Table legend: (Time is in decaauts)
 A = Elapsed time spent in this place.
 B = Non-inter-level travel time spent in this place.
 C = Inter-level travel time spent in this place.
 D = Time resting spent in this place.
 E = Time spent auto-exploring this place.
 F = Levels seen in this place.
 G = Mean time per level.
                   A        B        C        D        E       F      G
               +--------+--------+--------+--------+--------+-----+--------+
         Total |   5200 |   5083 |    117 |   1133 |   3240 |   4 | 1300.0 |
       Dungeon |   5200 |   5083 |    117 |   1133 |   3240 |   4 | 1300.0 |
               +--------+--------+--------+--------+--------+-----+--------+

Top non-repeatable levels by time:
     D:1: 2142 daAuts
     D:4: 1243 daAuts
     D:2: 994 daAuts
     D:3: 821 daAuts
